 Dungeon Crawl Stone Soup version 0.27.1-3-gb3d3a73c9e (webtiles) character file.

Game seed: 3057882352247678585

7178 loralnil the Destroyer (level 10, -5/74 HPs)
             Began as a Purple Draconian Earth Elementalist on Oct 8, 2021.
             Was a Follower of Sif Muna.
             Killed from afar by Erica (11 damage)
             ... with a bolt of poison
             ... on level 9 of the Dungeon.
             The game lasted 00:16:56 (10456 turns).

loralnil the Destroyer (DrEE)                      Turns: 10456, Time: 00:16:56

Health: -5/74      AC: 11    Str: 10    XL:     10   Next: 86%
Magic:  17/23      EV: 16    Int: 20    God:    Sif Muna [*.....]
Gold:   350        SH:  0    Dex: 11    Spells: 14/27 levels left

rFire    . . .     SeeInvis .   k - +3 triple sword (flame)
rCold    . . .     Faith    .   (shield currently unavailable)
rNeg     . . .     Spirit   .   (armour unavailable)
rPois    .         Reflect  .   (helmet restricted)
rElec    .         Harm     .   e - +2 cloak
rCorr    .         Rampage  .   A - +0 pair of gloves
Will     +....                  (no boots)
Stlth    ++........             (no amulet)
HPRegen  0.22/turn              a - ring of wizardry
MPRegen  0.18/turn              s - +4 ring of evasion

@: lethally poisoned (-5 -> -20)
A: breathe power, AC +7, unfitting armour, cold-blooded
a: Breathe Dispelling Energy, Renounce Religion, Channel Magic


You were on level 9 of the Dungeon.
You worshipped Sif Muna.
Sif Muna was aware of your devotion.
You visited 2 branches of the dungeon, and saw 11 of its levels.

You collected 440 gold pieces.
You spent 90 gold pieces at shops.

Inventory:

Hand Weapons
 k - a +3 triple sword of flaming (weapon)
Missiles
 b - 87 stones
 t - 4 throwing nets
Armour
 e - a +2 cloak (worn)
 m - a +0 kite shield
 A - a +0 pair of gloves (worn)
Magical Staves
 r - a staff of fire
Jewellery
 a - a ring of wizardry (left hand)
 s - a +4 ring of evasion (right hand)
Wands
 i - a wand of acid (10)
Scrolls
 g - a scroll of torment
 h - a scroll of magic mapping
 j - a scroll of teleportation
 n - 2 scrolls of immolation
 o - a scroll of fear {unknown}
 p - 2 scrolls of amnesia
Potions
 c - a potion of lignification
 d - 7 potions of curing
 l - 3 potions of heal wounds
 q - 4 potions of brilliance {unknown}
 u - a potion of degeneration {unknown}
 v - 2 potions of flight {unknown}
 x - a potion of berserk rage {unknown}
 z - a potion of haste {unknown}


   Skills:
 + Level 2.3 Fighting
 + Level 2.1 Long Blades
 + Level 3.0 Dodging
 - Level 2.0 Stealth
 + Level 2.1 Shields
 - Level 9.0 Spellcasting
 - Level 10.1 Conjurations
 - Level 1.2 Transmutations
 - Level 10.0 Earth Magic


You had 14 spell levels left.
You knew the following spells:

 Your Spells              Type           Power      Damage    Failure   Level
a - Sandblast             Erth           98%        2d20      1%          1
b - Passwall              Tmut/Erth      25%        N/A       1%          2
c - Stone Arrow           Conj/Erth      98%        3d13      1%          3
d - Petrify               Tmut/Erth      31%        N/A       3%          4
e - Tukima's Dance        Hex            9%         N/A       9%          3

Your spell library contained the following spells:

 Spells                   Type           Power      Damage    Failure   Level
 Magic Dart               Conj           100%       1d8       1%          1
 Mephitic Cloud           Conj/Pois/Air  22%        N/A       2%          3
 Animate Skeleton         Necr           18%        N/A       3%          1
 Apportation              Tloc           18%        N/A       3%          1
 Corona                   Hex            10%        N/A       3%          1
 Summon Small Mammal      Summ           36%        N/A       3%          1
 Call Imp                 Summ           9%         N/A       4%          2
 Ensorcelled Hibernation  Hex/Ice        18%        N/A       4%          2
 Frozen Ramparts          Ice            18%        1d3       9%          3
 Ice Form                 Ice/Tmut       11%        N/A       24%         4
 Summon Ice Beast         Ice/Summ       9%         N/A       28%         4


Dungeon Overview and Level Annotations

Branches:
Dungeon (10/15)            Temple (1/1) D:7            Lair (0/6) D:9
    Orc: D:9-12

Altars:
Ashenzari
Cheibriados
Dithmenos
Elyvilon
Fedhas
Gozag
Hepliaklqana
Kikubaaqudgha
Nemelex Xobeh
Qazlal
Ru
Sif Muna
Uskayaw
Vehumet
Wu Jian
Xom
Yredelemnul
Zin
The Shining One

Shops:
D:1 :!((

Annotations:
D:9 Erica


Innate Abilities, Weirdness & Mutations

You can breathe bolts of dispelling energy.
Your rich purple scales are hard. (AC +7)
You cannot fit into any form of body armour.
You are cold-blooded and may be slowed by cold attacks.


Message History

You hear some strange, mumbled words.
A magic dart appears from out of thin air!
The magic dart hits you! Something hits you. Something burns you.
The orc wizard gestures at you while chanting.
The puff of flame hits something!
Reactivating autopickup.
You feel a bit more experienced.
Your Dodging skill increases to level 3!
Something hits you! Something burns you.
Deactivating autopickup; reactivate with Ctrl-A.
You climb upwards.
Reactivating autopickup.
There is a stone staircase leading down here.
Something hits you! Something burns you.
Deactivating autopickup; reactivate with Ctrl-A.
Something hits you. Something burns you. Something hits you but does no damage.
You barely miss something.
Your tail-slap misses something.
You hear some strange, mumbled words.
A lance of force appears from out of thin air!
The lance of force misses you. Something hits you. Something burns you.
You barely miss something. Something hits you but does no damage.
You hear some strange, mumbled words.
A lance of force appears from out of thin air!
The lance of force misses you.
You slash something! You burn something. You tail-slap something.
You hear some strange, mumbled words.
A bolt of poison appears from out of thin air!
The bolt of poison misses you. Something hits you! Something burns you.
* * * LOW HITPOINT WARNING * * *
You completely miss something.
Your tail-slap misses something.
Something hits you!
* * * LOW HITPOINT WARNING * * *
Something burns you.
* * * LOW HITPOINT WARNING * * *
You hear some strange, mumbled words.
A bolt of poison appears from out of thin air!
The bolt of poison hits you!
You are lethally poisoned!
You die...

#.....................
#...#########.........
#.....................
#.....#######....####'
#..#..#.....#....#....
#..#..#.....#.##.#....
#.....#####.#....#####
#.....#####.##########
#...{@#.........##....
#....>#.........##....
#.....#.........##....
#.....#..##.<...##....
#.....#'###.<...##....
#.....'...............
#.....#..##.....##....
#.....#..##.....##....
#.....#..##...........


There were no monsters in sight!

Vanquished Creatures
  Harold (D:7)
  Joseph (D:7)
  A gargoyle (D:8)
  Grinder (D:5)
  A shadow (D:9)
  15 yaks
  2 vampire mosquitoes (D:5)
  An orc warrior (D:7)
  A sky beast (D:7)
  4 necrophages
  2 ogres
  A bullfrog (D:7)
  7 scorpions
  14 killer bees
  7 wights
  3 howler monkeys
  A gnoll shaman (D:6)
  2 jellies
  6 orc priests
  Crazy Yiuf (D:7)
  3 hounds
  3 iguanas
  7 orc wizards
  A hound skeleton (D:4)
  2 howler monkey zombies
  5 gnolls (D:6)
  9 adders
  A white imp (D:4)
  An adder skeleton (D:5)
  2 worms
  4 dart slugs
  28 orcs
  5 ball pythons
  14 bats
  3 endoplasms
  2 giant cockroaches
  7 goblins
  5 hobgoblins
  8 kobolds
  2 quokkas
  2 frilled lizards (D:1)
  8 rats
194 creatures vanquished.

Vanquished Creatures (others)
  An orc wizard (D:10)
  7 fungi (D:4)
8 creatures vanquished.

Grand Total: 202 creatures vanquished

Notes
Turn   | Place    | Note
-------+----------+-------------------------------------------
     0 | D:1      | loralnil the Draconian Earth Elementalist began the quest
                  | for the Orb.
     0 | D:1      | Reached XP level 1. HP: 14/14 MP: 3/3
    17 | D:1      | Found Mol Avev's Distillery.
   211 | D:1      | Reached XP level 2. HP: 20/20 MP: 1/5
   269 | D:1      | Learned a level 2 spell: Passwall
   354 | D:1      | Found Rautafot's Book Shop.
   599 | D:1      | Found Vul Lomo's Antique Weapon Shoppe.
   764 | D:1      | Found Nyeriani's Antique Weapon Shop.
   883 | D:2      | Reached XP level 3. HP: 26/26 MP: 6/6
  1026 | D:2      | Learned a level 3 spell: Stone Arrow
  1434 | D:2      | Found a stormy altar of Qazlal.
  1661 | D:3      | Reached XP level 4. HP: 31/33 MP: 8/8
  1707 | D:3      | Reached skill level 1 in Conjurations
  2016 | D:3      | Reached XP level 5. HP: 38/38 MP: 4/9
  2192 | D:3      | Found a faded altar of an unknown god.
  2513 | D:4      | Reached XP level 6. HP: 42/45 MP: 1/11
  2518 | D:4      | Learned a level 4 spell: Petrify
  2657 | D:4      | Found a basalt altar of Yredelemnul.
  3079 | D:4      | Your scales start taking on a rich purple colour.
  3079 | D:4      | Reached XP level 7. HP: 50/50 MP: 0/14
  3319 | D:4      | Reached skill level 5 in Spellcasting
  3319 | D:4      | Reached skill level 5 in Earth Magic
  3723 | D:5      | Entered Level 5 of the Dungeon
  3739 | D:4      | Reached skill level 5 in Conjurations
  3922 | D:5      | Noticed a vampire mosquito
  3930 | D:5      | Noticed a vampire mosquito
  3944 | D:5      | Killed a vampire mosquito
  3948 | D:5      | Killed a vampire mosquito
  3949 | D:5      | Reached XP level 8. HP: 25/57 MP: 1/16
  4127 | D:5      | Learned a level 3 spell: Tukima's Dance
  4542 | D:5      | Noticed Grinder
  4555 | D:5      | Killed Grinder
  4798 | D:5      | Reached XP level 9. HP: 28/62 MP: 2/19
  5472 | D:6      | Identified the +9 spear "Wynioray" {venom, *Slow Will+++
                  | Int+6 Dex-4}
  6748 | D:7      | Noticed Harold
  6756 | D:7      | Killed Harold
  6982 | D:7      | Noticed Joseph
  6987 | D:7      | Killed Joseph
  6988 | D:7      | Reached XP level 10. HP: 59/69 MP: 6/22
  7130 | D:7      | Reached skill level 10 in Conjurations
  7284 | D:7      | Found a staircase to the Ecumenical Temple.
  7295 | Temple   | Entered the Ecumenical Temple
  7379 | Temple   | Became a worshipper of Sif Muna the Loreminder
  8150 | D:7      | Found a runed translucent door.
  8151 | D:7      | Noticed Crazy Yiuf
  8155 | D:7      | Killed Crazy Yiuf
  8204 | D:8      | Noticed a gargoyle
  8206 | D:8      | Killed a gargoyle
  8832 | D:8      | Reached * piety under Sif Muna
  9055 | D:8      | Identified the +9 trident of Zewni Kuwa {vorpal, rN+}
  9181 | D:9      | Found Zin's Purification Station.
  9185 | D:9      | Found a glowing silver altar of Zin.
  9190 | D:9      | Bought a potion of curing for 90 gold pieces
  9359 | D:9      | Reached skill level 10 in Earth Magic
  9362 | D:9      | Reached skill level 1 in Fighting
  9365 | D:9      | Reached skill level 1 in Long Blades
  9365 | D:9      | Reached skill level 1 in Shields
  9673 | D:9      | Found an opulent altar of Gozag.
  9786 | D:9      | Found an opulent altar of Gozag.
  9786 | D:9      | Found an opulent altar of Gozag.
  9791 | D:9      | Found an opulent altar of Gozag.
  9794 | D:9      | Found a staircase to the Lair.
  9929 | D:10     | Entered Level 10 of the Dungeon
 10376 | D:9      | Found a white marble altar of Elyvilon.
 10376 | D:9      | Found a snail-covered altar of Cheibriados.
 10434 | D:10     | Noticed Erica
 10456 | D:9      | Killed from afar by Erica

Illustrated notes

Levels and vault maps discovered:
D:1:      dpeg_arrival_rooms_b, layout_rooms, serial_forest,
          infiniplex_forest_straight_4, infiniplex_forest_pool,
          infiniplex_forest_end_2, infiniplex_forest_zigzag_2, serial_shops,
          shop, shop_fountains, shop, shop_fountains
D:2:      layout_basic, basic_altar
D:3:      layout_rooms, hellmonk_ecumenical_altar_leap_of_faith,
          minmay_misc_feat_diagonals
D:4:      old_forge, layout_loops_ring, general_overflow_altar
D:5:      layout_basic, feat_on_display, uniq_grinder
D:6:      layout_basic
D:7:      layout_loops_corners, minmay_temple_entry_overgrown, uniq_harold,
          uniq_crazy_yiuf_cottage, uniq_joseph
D:8:      layout_basic
D:9:      wander_river, layout_stronghold, gammafunk_temple_overflow_pools,
          nicolae_gozag_conspicuous_consumption, zin_purify
D:10:     layout_cave_pools, lightli_temple_of_fire, serial_bayou_pond_d,
          uniq_erica
Temple:   eino_temple_scatter_basement

Skill      XL: |  1  2  3  4  5  6  7  8  9 10 |
---------------+-------------------------------+-----
Stealth        | 2 |  2.0
Dodging        | 2 3 |  3.0
Conjurations   | 2 3 4 5 8 9 10 | 10.1
Spellcasting   | 3 4 5 7 8 9 |  9.0
Earth Magic    | 4 5 6 8 10 | 10.0
Fighting       | 2 |  2.3
Long Blades    | 2 |  2.1
Shields        | 2 |  2.1
Transmutations | |  1.2

Action                   |  1- 3 |  4- 6 |  7- 9 | 10-12 || total
-------------------------+-------+-------+-------+-------++-------
Melee: Unarmed           |     8 |       |       |       ||     8
       Dagger            |    57 |    49 |    34 |    16 ||   156
       Tailslap          |     5 |     4 |     6 |     3 ||    18
       Triple sword      |       |       |       |     7 ||     7
 Cast: Sandblast         |    34 |    40 |    43 |    27 ||   144
       Stone Arrow       |       |    13 |    88 |    65 ||   166
 Abil: Breathe Dispellin |       |       |     2 |     1 ||     3
  Use: Scroll            |       |     6 |     5 |     5 ||    16
 Stab: Sleeping          |     2 |     1 |       |       ||     3
Armor: Skin              |    31 |    32 |    34 |    18 ||   115
Dodge: Dodged            |    43 |    38 |    53 |    65 ||   199
       Rpst.: Triple sword |       |       |       |    11 ||    11
